 Dungeon Crawl Stone Soup version 0.31-a0-965-g8a8ce12e04 (webtiles) character file.

Game seed: 16934888337206225327

53889 Dordric the Brawler (level 14, -6/199 HPs)
             Began as a Troll Shapeshifter on Oct 27, 2023.
             Was a High Priest of Trog.
             Mangled by a spriggan rider
             ... wielding a +2 spear of venom
              (20 damage)
             ... on level 5 of the Lair of Beasts.
             The game lasted 00:22:33 (16251 turns).

Dordric the Brawler (Troll Shapeshifter)           Turns: 16251, Time: 00:22:33

Health: -6/199     AC: 13    Str: 36    XL:     14   Next: 32%
Magic:  13/13      EV: 10    Int:  6    God:    Trog [*****.]
Gold:   1210       SH:  0    Dex: 13    Spells: 13/13 levels left

rFire   . .          .
                       - Unarmed
rCold   . . .        (shield currently unavailable)
rNeg    . . .        a - melded +0 animal skin
rPois   +            (helmet currently unavailable)
rElec   .            (cloak currently unavailable)
rCorr   .            (gloves unavailable)
SInv    .            (boots unavailable)
Will    +++..        (no amulet) Stlth
                     g - +6 ring of strength
HPRegen 2.33/turn    n - ring of poison resistance
MPRegen 0.13/turn

%: no passive effects
@: berserking, lethally poisoned (-6 -> -6), snake-form, strong-willed,
regenerating, very quick
A: constrict, boosted hp, large, unfitting armour, (claws 3), regeneration 1,
(shaggy fur 1), (tough skin 1)
a: Begin Untransformation, Renounce Religion, Berserk, Trog's Hand, Brothers in
Arms


You were on level 5 of the Lair of Beasts.
You worshipped Trog.
Trog was extremely pleased with you.
You were an enormous anaconda.
You visited 3 branches of the dungeon, and saw 20 of its levels.
You also visited: Sewer.

You collected 1210 gold pieces.

Inventory:

Missiles
 x - 2 throwing nets
 C - 12 darts of dispersal
Armour
 a - a +0 animal skin (melded)
 s - a +0 cloak
 I - a +0 troll leather armour
Jewellery
 g - a +6 ring of strength (left hand)
 n - a ring of poison resistance (right hand)
 v - an amulet of faith
 F - a ring of willpower
 H - a ring of willpower
 J - an amulet of guardian spirit
 R - an amulet of the acrobat
Talismans
 c - a beast talisman
 d - a flux talisman
 u - a serpent talisman (active)
Wands
 A - a wand of charming (15)
 D - a wand of flame (26)
 L - a wand of roots (14)
 N - a wand of light (5)
 S - a wand of digging (9)
 U - a wand of mindburst (9)
Scrolls
 e - 7 scrolls of identify
 j - 2 scrolls of amnesia
 l - a scroll of blinking
 m - 5 scrolls of poison
 o - 4 scrolls of fog
 p - a scroll of teleportation
 q - 8 scrolls of vulnerability
 r - 4 scrolls of immolation {unknown}
 y - 2 scrolls of torment
 B - a scroll of noise
 K - a scroll of silence
 M - a scroll of fear
 O - a scroll of enchant armour {unknown}
 Q - 2 scrolls of revelation {unknown}
 T - a scroll of acquirement {unknown}
Potions
 b - a potion of lignification
 f - 6 potions of cancellation
 h - a potion of heal wounds
 i - 4 potions of haste {unknown}
 k - 10 potions of curing
 t - 7 potions of berserk rage
 w - 4 potions of attraction {unknown}
 z - 3 potions of invisibility {unknown}
 E - 2 potions of ambrosia {unknown}
 G - a potion of brilliance {unknown}
 P - 3 potions of enlightenment {unknown}
 V - a potion of might {unknown}


   Skills:
 - Level 0.7 Fighting
 - Level 1.5 Dodging
 + Level 18.0 Unarmed Combat
 + Level 16.6 Shapeshifting


You had 13 spell levels left.
You didn't know any spells.
Your spell library was empty.

Dungeon Overview and Level Annotations

Branches:
Dungeon (14/15)            Temple (1/1) D:5            Lair (5/5) D:10
  Swamp (0/4) Lair:3        Snake (0/4) Lair:2        Slime (0/5) Lair:4
    Orc (0/2) D:10         Vaults (0/5) D:13          Sewer (visited)

Altars:
Ashenzari
Cheibriados
Dithmenos
Elyvilon
Fedhas
Gozag
Hepliaklqana
Kikubaaqudgha
Makhleb
Nemelex Xobeh
Okawaru
Qazlal
Ru
Sif Muna
Trog
Uskayaw
Vehumet
Wu Jian
Xom
Yredelemnul
Zin
The Shining One
Jiyva

Shops:
D:1 *   D:6 [   D:8 :   D:9 [

Annotations:
D:11 4 runed translucent doors
D:12 Josephine
Lair:1 3 runed translucent doors, bakla's ghost, journeyman AtFi


Innate Abilities, Weirdness & Mutations

You are an enormous anaconda.
You have a powerful constriction melee attack.
Your maximum health is increased.
Your armour is entirely melded.
You are incapable of wielding weapons or throwing items.
You are too large for most types of armour.
((You have claws for hands.))
Your natural rate of healing is unusually fast.
((You are covered in fur. (AC +1)))
((You have tough skin. (AC +1)))


Message History

You feel strong-willed.
The spriggan rider hits you but does no damage.
The spriggan rider hits you from afar with a +2 spear of venom!
A red film seems to cover your vision as you go berserk!
You feel yourself moving faster!
You feel mighty!
The wolf howls!
The spriggan rider hits you with a +0 spear!
The spriggan rider hits you from afar with a +2 spear of venom!
* * * LOW HITPOINT WARNING * * *
The spriggan rider blocks your attack.
Your grab misses the spriggan rider.
The spriggan rider hits you with a +0 spear!
* * * LOW HITPOINT WARNING * * *
You body-slam the spriggan rider!!
Your grab misses the spriggan rider.
The spriggan rider is moderately wounded.
The spriggan rider closely misses you.
You miss the spriggan rider. You grab the spriggan rider.
The spriggan rider is moderately wounded.
You constrict the spriggan rider. The spriggan rider barely misses you.
You lash the spriggan rider!
The spriggan rider is heavily wounded.
You constrict the spriggan rider.
The spriggan rider hits you but does no damage.
You are poisoned.
You body-slam the spriggan rider!!
The spriggan rider is almost dead.
You constrict the spriggan rider.
You feel sick.
You crush the spriggan rider!!!
You kill the spriggan rider!
Trog accepts your kill.
You kill the hornet!
Trog accepts your kill.
Your Unarmed Combat skill increases to level 18!
You miss the spriggan. Your grab misses the spriggan.
You feel sick.
The spriggan rider hits you from afar with a +2 spear of venom!!
* * * LOW HITPOINT WARNING * * *
The spriggan barely misses you.
You barely miss the spriggan. Your grab misses the spriggan.
You closely miss the spriggan. Your grab misses the spriggan.
You feel sick.
The spriggan rider hits you from afar with a +2 spear of venom!!
You die...

#########P..###..#.#.......#...##
#..######.....#.#####.....#....##
............#.##.###.......#.....
.................................
...................)..........<..
.....(...........................
..........................P.###.#
##.P........##.....###....### ###
##.....#.....###S####...#########
###...#.....#..##i####...##.#...#
##....##.....##..iy.###..##......
#P.)..#.......#..h..###.#.#.....#
#P....##....##.......#..........#
#....###....###.....###..#.#....#
##....P#....#.###..###...##....##
####...#.......#..#..##.P##.##.#
######.#.)...............#####.##


You could see a spriggan rider, a hornet, a spriggan and a wolf.

Vanquished Creatures
  Kirke (Lair:3)
  Nessos (Lair:3)
  An entropy weaver (D:13)
  A rakshasa (D:14)
  2 hydras
  A vault guard (D:13)
  A centaur warrior (D:10)
  A catoblepas (Lair:3)
  3 boulder beetles
  6 two-headed ogres
  4 death yaks (Lair:2)
  Sonja (D:10)
  A skyshark (Lair:4)
  A cyclops (D:14)
  Joseph (D:9)
  5 black mambas
  Maurice (D:9)
  14 cane toads
  6 rime drakes
  8 komodo dragons
  4 efreet
  5 kobold demonologists
  4 hornets
  2 trolls
  A hornet (shapeshifter) (D:13)
  2 polar bears (Lair:5)
  8 blink frogs
  19 dream sheep
  3 vampires
  A shadow (D:10)
  7 wraiths
  11 spriggans (Lair:5)
  5 wyverns
  28 yaks
  3 hogs (Lair:3)
  Grum (D:10)
  4 steam dragons
  3 basilisks
  2 vampire mosquitoes (D:14)
  Menkaure (D:4)
  2 nagas (Lair:2)
  Edmund (D:6)
  14 water moccasins
  A swamp drake (Lair:3)
  4 orc warriors
  Pargi (Sewer)
  An ice beast (D:6)
  3 black bears
  5 sky beasts
  32 wolves
  An ogre (D:5)
  2 boggarts (Lair:5)
  2 centaurs
  2 phantoms
  11 bullfrogs
  3 kobold brigands
  Blork the orc (D:5)
  3 gnoll sergeants
  2 scorpions
  8 wights
  2 troll zombies (D:10)
  6 killer bees
  6 howler monkeys
  A hound (D:5)
  6 orc priests
  2 sleepcaps
  Crazy Yiuf (D:4)
  4 iguanas
  Terence (D:3)
  11 orc wizards
  6 ogre zombies (D:10)
  8 adders
  9 gnolls
  A river rat (D:6)
  A shadow imp (D:7)
  2 white imps
  2 ufetubi (D:5)
  3 worms
  2 dart slugs
  31 orcs
  9 ball pythons
  13 endoplasms
  A giant cockroach (D:1)
  3 gnoll zombies (D:10)
  7 goblins
  7 hobgoblins
  4 jackals (D:5)
  6 quokkas
  13 bats
  A frilled lizard (D:1)
  A gnoll skeleton (D:10)
  22 kobolds
  4 orc skeletons (D:10)
  17 orc zombies (D:10)
  8 rats
494 creatures vanquished.

Vanquished Creatures (collateral kills)
  An orc wizard (D:10)
1 creature vanquished.

Vanquished Creatures (others)
  A human (Lair:3)
  A bullfrog (Lair:3)
  4 butterflies (D:13)
6 creatures vanquished.

Grand Total: 501 creatures vanquished

Notes
Turn   | Place    | Note
-------+----------+-------------------------------------------
     0 | D:1      | Dordric the Troll Shapeshifter began the quest for the Orb.
     0 | D:1      | Reached XP level 1. HP: 18/18 MP: 0/0
    95 | D:1      | Found Zueff's Assorted Antiques.
   195 | D:1      | Reached XP level 2. HP: 26/26 MP: 1/1
   560 | D:1      | Reached XP level 3. HP: 32/32 MP: 2/2
  1375 | D:2      | Reached skill level 4 in Unarmed Combat
  1494 | D:2      | Reached XP level 4. HP: 35/40 MP: 3/3
  1738 | D:3      | Noticed a centaur
  1868 | D:3      | Killed a centaur
  1869 | D:3      | Reached XP level 5. HP: 11/46 MP: 4/4
  1921 | D:3      | Found a stormy altar of Qazlal.
  1984 | D:3      | Found a faded altar of an unknown god.
  2042 | D:3      | Found a broken altar of Ashenzari.
  2343 | D:3      | Noticed Terence
  2350 | D:3      | Killed Terence
  2450 | D:3      | Found a hazy altar of Hepliaklqana.
  2451 | D:3      | Found a shadowy altar of Dithmenos.
  2452 | D:3      | Noticed a shadow
  2675 | D:4      | Noticed Menkaure
  2696 | D:4      | Killed Menkaure
  2697 | D:4      | Reached skill level 5 in Unarmed Combat
  2697 | D:4      | Reached skill level 5 in Shapeshifting
  2697 | D:4      | Reached XP level 6. HP: 45/54 MP: 5/5
  2946 | D:4      | Found a runed translucent door.
  2947 | D:4      | Noticed Crazy Yiuf
  3186 | D:4      | Killed Crazy Yiuf
  3251 | D:5      | Entered Level 5 of the Dungeon
  3268 | D:5      | Reached skill level 6 in Unarmed Combat
  3268 | D:5      | Reached XP level 7. HP: 59/61 MP: 6/6
  3442 | D:5      | Noticed Blork the orc
  3451 | D:5      | Killed Blork the orc
  3630 | D:5      | Found a white marble altar of Elyvilon.
  3646 | D:5      | Noticed a two-headed ogre
  3649 | D:5      | HP: 3/61 [two-headed ogre/+0 giant club (32)]
  3651 | D:5      | Killed a two-headed ogre
  3652 | D:5      | Reached skill level 7 in Unarmed Combat
  3652 | D:5      | Reached XP level 8. HP: 5/68 MP: 7/7
  3724 | D:5      | Found a staircase to the Ecumenical Temple.
  3754 | D:5      | Reached skill level 8 in Unarmed Combat
  3786 | D:5      | Found a sparkling altar of Nemelex Xobeh.
  3898 | D:5      | Found an opulent altar of Gozag.
  4083 | Temple   | Entered the Ecumenical Temple
  4109 | Temple   | Became a worshipper of Trog the Wrathful
  4297 | D:6      | Noticed Edmund
  4304 | D:6      | Killed Edmund
  4472 | D:6      | Reached XP level 9. HP: 73/75 MP: 8/8
  4496 | D:6      | Reached skill level 9 in Unarmed Combat
  4506 | D:6      | Reached * piety under Trog
  4631 | D:6      | Found Efen's Antique Armour Shop.
  4680 | D:6      | Found a glowing drain.
  4690 | Sewer    | Entered a sewer
  4718 | Sewer    | Noticed Pargi
  4724 | Sewer    | Killed Pargi
  5305 | D:7      | Reached skill level 10 in Unarmed Combat
  5590 | D:7      | Reached ** piety under Trog
  5999 | D:8      | Reached XP level 10. HP: 83/83 MP: 9/9
  6035 | D:8      | Found Hes Pua's Book Shoppe.
  6038 | D:8      | Reached skill level 10 in Shapeshifting
  6063 | D:8      | Reached *** piety under Trog
  6117 | D:8      | Found a shimmering blue altar of Sif Muna.
  6298 | D:8      | Reached skill level 11 in Unarmed Combat
  6448 | D:9      | Noticed Maurice
  6452 | D:9      | Maurice stole 12 darts of dispersal
  6454 | D:9      | Killed Maurice
  6493 | D:9      | Noticed a two-headed ogre
  6500 | D:9      | Killed a two-headed ogre
  6639 | D:9      | Noticed Joseph
  6654 | D:9      | Killed Joseph
  6876 | D:9      | Reached skill level 12 in Unarmed Combat
  7000 | D:9      | Found Sucai's Armour Emporium.
  7003 | D:9      | Noticed a two-headed ogre
  7009 | D:9      | Killed a two-headed ogre
  7010 | D:9      | Reached XP level 11. HP: 89/89 MP: 10/10
  7063 | D:9      | Found a burning altar of Makhleb.
  7422 | D:10     | Entered Level 10 of the Dungeon
  7508 | D:10     | Found a staircase to the Orcish Mines.
  7530 | D:10     | Reached **** piety under Trog
  7751 | D:10     | Noticed a centaur warrior
  7762 | D:10     | Killed a centaur warrior
  7835 | D:10     | Noticed Sonja
  7854 | D:10     | Killed Sonja
  7855 | D:10     | Reached skill level 13 in Unarmed Combat
  7982 | D:10     | Noticed Grum
  7999 | D:10     | Killed Grum
  8048 | D:10     | Found a staircase to the Lair.
  8268 | D:10     | Found an iron altar of Okawaru.
  8403 | D:10     | Found an ornate altar of the Wu Jian Council.
  8682 | D:11     | Identified the +1 long sword of Floods {holy, Str+3 Int+3}
  8791 | D:11     | Found a runed translucent door.
  8795 | D:11     | Noticed a sixfirhy
  8812 | D:11     | Found a runed translucent door.
  8812 | D:11     | Noticed a shock serpent
  8813 | D:11     | Noticed a sixfirhy
  8815 | D:11     | Found a runed translucent door.
  8815 | D:11     | Noticed a sixfirhy
  8815 | D:11     | Noticed a storm dragon
  8815 | D:11     | Found the +5 Storm Queen's Shield {shock, Fly rElec}
  8815 | D:11     | Noticed a shock serpent
  8851 | D:11     | Noticed a two-headed ogre
  8861 | D:11     | Killed a two-headed ogre
  9078 | D:11     | You fall into a shaft and drop 3 floors!
  9277 | D:14     | Noticed a rakshasa
  9292 | D:14     | HP: 6/159 [rakshasa/+0 trident (16)]
  9295 | D:14     | Killed a rakshasa
  9296 | D:14     | Reached skill level 14 in Unarmed Combat
  9407 | D:13     | Found a gate to the Vaults.
  9408 | D:13     | Noticed a vault guard
  9419 | D:13     | Killed a vault guard
  9420 | D:13     | Reached XP level 12. HP: 97/97 MP: 11/11
  9424 | D:13     | Noticed an entropy weaver
  9431 | D:13     | Killed an entropy weaver
  9486 | D:13     | Noticed a two-headed ogre
  9495 | D:13     | Killed a two-headed ogre
  9682 | D:13     | Noticed a boulder beetle
  9695 | D:13     | Killed a boulder beetle
  9765 | D:13     | Noticed a two-headed ogre
  9772 | D:13     | Killed a two-headed ogre
 10329 | D:12     | Noticed Josephine
 10998 | D:12     | Noticed a boulder beetle
 11235 | D:11     | Found a runed translucent door.
 11541 | Lair:1   | Entered Level 1 of the Lair of Beasts
 11558 | Lair:1   | Reached skill level 15 in Unarmed Combat
 11655 | Lair:1   | Noticed an ice dragon
 11660 | Lair:1   | Found a runed translucent gate.
 11660 | Lair:1   | Found a runed translucent gate.
 11660 | Lair:1   | Found a runed translucent gate.
 11828 | Lair:1   | Noticed bakla's ghost (journeyman AtFi)
 12148 | Lair:2   | Noticed a death yak
 12149 | Lair:2   | Noticed a death yak
 12164 | Lair:2   | Killed a death yak
 12251 | Lair:2   | Noticed a death yak
 12254 | Lair:2   | Noticed a death yak
 12258 | Lair:2   | Killed a death yak
 12263 | Lair:2   | Killed a death yak
 12266 | Lair:2   | Killed a death yak
 12454 | Lair:2   | Reached XP level 13. HP: 92/104 MP: 12/12
 12581 | Lair:2   | Reached skill level 16 in Unarmed Combat
 12830 | Lair:2   | Found a staircase to the Snake Pit.
 13213 | Lair:3   | Reached skill level 15 in Shapeshifting
 13253 | Lair:3   | Found a staircase to the Swamp.
 13271 | Lair:3   | Identified the +0 robe "Ehaiquz" {*Slow Int+3 Dex+6
                  | Archmagi}
 13501 | Lair:3   | Noticed Kirke
 13525 | Lair:3   | Killed Kirke
 13589 | Lair:3   | Reached ***** piety under Trog
 13801 | Lair:3   | Noticed Nessos
 13814 | Lair:3   | Killed Nessos
 14484 | Lair:4   | Reached skill level 17 in Unarmed Combat
 14743 | Lair:4   | Found a staircase to the Slime Pits.
 14743 | Lair:4   | Found a viscous altar of Jiyva.
 15360 | Lair:5   | Entered Level 5 of the Lair of Beasts
 15421 | Lair:5   | Reached XP level 14. HP: 111/111 MP: 13/13
 15609 | Lair:5   | Received a gift from Trog
 16249 | Lair:5   | Reached skill level 18 in Unarmed Combat
 16251 | Lair:5   | Mangled by a spriggan rider

Illustrated notes

Levels and vault maps discovered:
D:1:      onia_arrival_mini_spirals, layout_basic, serial_shops,
          nicolae_shop_crystal
D:2:      layout_basic
D:3:      layout_basic, riverfiend_overflow_shadow_ancestor,
          grunt_qazlal_sundering, mainiacjoe_overflow_boulevard,
          shapermc_ecumenical_altar_starsandcircs, st_stairs_5, uniq_terence
D:4:      layout_basic, minivault_27, uniq_menkaure, uniq_crazy_yiuf_cottage
D:5:      layout_basic, mainiacjoe_overflow_surrounded_room,
          general_overflow_altar, nemelex_spade_bored_becter,
          minmay_temple_entry_metal_lava, uniq_blork_the_orc
D:6:      layout_basic, serial_shops, shop, gup_sewer_entry_bubbles, uniq_edmund
D:7:      layout_basic
D:8:      layout_cave_pools, mainiacjoe_overflow_brackets, serial_park,
          serial_park_square3 [serial_park_minivault_5x5_6], serial_park_gazebo
          [serial_park_minivault_5x5_5], serial_park_square3
          [serial_park_minivault_5x5_5], serial_park_square1
          [serial_park_minivault_5x5_8], serial_park_tiny_2, serial_park_square3
          [serial_park_minivault_5x5_8], serial_shops, shop,
          minmay_unpleasant_kobolds
D:9:      layout_loops_ring, lightli_temple_of_fire, serial_shops,
          nicolae_shop_behind_doors, minmay_diced_spiral, uniq_joseph,
          uniq_maurice
D:10:     layout_loops_ring, okawaru_metal_pillars_3,
          nicolae_wu_jian_immortal_techniques, erik_lair_dragon,
          zombieorc2_lemuel, uniq_grum, uniq_sonja
D:11:     layout_cave_pods, nicolae_guarded_unrand_storm_shield
D:12:     mludivico_vault, layout_layer_cave, nicolae_trove_entry_free_sample,
          uniq_erolcha, uniq_azrael, uniq_josephine, uniq_rupert
D:13:     layout_roguey, hellmonk_vaults_order_and_chaos, hangedman_glass_garden
D:14:     layout_basic, fedhas_altar_4, grunt_ministairs_10, abandoned_shop
Temple:   hellmonk_temple_of_storms
Lair:1:   layout_roguey, gammafunk_ghost_icy
Lair:2:   layout_chaotic_city, guppyfry_snake_entry_garden
Lair:3:   layout_cave_pods, minmay_swamp_entry_reptiles, lemuel_fruit_tree,
          uniq_kirke, uniq_nessos
Lair:4:   layout_regular_city, slime_entry_1, minivault_24, minivault_26,
          minivault_11
Lair:5:   minmay_lair_end_enchanted_forest, layout_regular_city,
          lemuel_fruit_fields, serial_bayou_shore_b

Skill      XL: |  1  2  3  4  5  6  7  8  9 10 11 12 13 14 |
---------------+-------------------------------------------+-----
Unarmed Combat | 4 5 6 7 8 10 12 14 15 17 18 | 18.0
Shapeshifting  | 4 5 7 8 9 11 13 14 16 | 16.6
Fighting       | |  0.7
Dodging        | |  1.5

Action                     |  1- 3 |  4- 6 |  7- 9 | 10-12 | 13-15 || total
---------------------------+-------+-------+-------+-------+-------++-------
  Melee: Unarmed           |    74 |    66 |   218 |   450 |   396 ||  1204
         Punch             |     2 |     2 |     2 |       |       ||     6
         Constrict         |       |       |    35 |    95 |    89 ||   219
 Invoke: Berserk           |       |       |       |    15 |     5 ||    20
         Trog's Hand       |       |       |       |     7 |     2 ||     9
         Brothers in Arms  |       |       |       |     1 |     1 ||     2
    Use: Scroll            |       |       |     6 |     9 |     2 ||    17
         Potion            |       |       |       |       |     4 ||     4
   Stab: Sleeping          |       |     1 |     1 |       |     1 ||     3
 Armour: Animal skin       |    47 |    66 |    30 |       |       ||   143
         Skin              |       |       |   154 |   345 |   321 ||   820
  Dodge: Dodged            |    28 |    35 |   108 |   175 |   163 ||   509
   Form: Anaconda          |       |       |     2 |       |       ||     2
                           |       |       |     1 |       |       ||     1
         Beast             |       |       |     1 |       |       ||     1

Table legend: (Time is in decaauts)
 A = Elapsed time spent in this place.
 B = Non-inter-level travel time spent in this place.
 C = Inter-level travel time spent in this place.
 D = Time resting spent in this place.
 E = Time spent auto-exploring this place.
 F = Levels seen in this place.
 G = Mean time per level.
                   A        B        C        D        E       F      G
               +--------+--------+--------+--------+--------+-----+--------+
         Total |  16214 |  15626 |    588 |   1541 |  11266 |  21 |  772.1 |
       Dungeon |  11476 |  11004 |    472 |   1300 |   7778 |  14 |  819.7 |
        Temple |     47 |     26 |     21 |      0 |      0 |   1 |   47.0 |
          Lair |   4615 |   4522 |     93 |    240 |   3455 |   5 |  923.0 |
         Sewer |     74 |     74 |      0 |      0 |     33 |   1 |   74.0 |
               +--------+--------+--------+--------+--------+-----+--------+

Top non-repeatable levels by time:
    D:13: 1633 daAuts
  Lair:3: 1204 daAuts
    D:10: 1144 daAuts
  Lair:2: 1089 daAuts
     D:2: 1077 daAuts
    D:11: 1047 daAuts
     D:9: 1004 daAuts
  Lair:4: 921 daAuts
     D:7: 919 daAuts
  Lair:5: 853 daAuts
     D:5: 848 daAuts
     D:3: 789 daAuts
     D:1: 760 daAuts
     D:8: 667 daAuts
     D:4: 619 daAuts
